 Dungeon Crawl Stone Soup version 0.25-a0-1056-g2efb326896 (webtiles) character file.

Game seed: 7802400211607792674, levelgen mode: classic

1225 Amnesiac the Cutter (level 8, -5/87 HPs)
             Began as an Ogre Berserker on May 13, 2020.
             Was a Priest of Trog.
             Slain by a wight
             ... wielding a +0 halberd
              (7 damage)
             ... on level 6 of the Dungeon.
             The game lasted 00:10:04 (4520 turns).

Amnesiac the Cutter (Ogre Berserker)                Turns: 4520, Time: 00:10:05

Health: -5/87      AC:  4    Str: 24    XL:     8   Next: 47%
Magic:  10/10      EV: 10    Int:  8    God:    Trog [***...]
Gold:   249        SH:  0    Dex:  8    Spells: 7/7 levels left

rFire    . . .     SeeInvis .   F - +1 short sword
rCold    . . .     Gourm    .   (no shield)
rNeg     . . .     Faith    .   b - +0 animal skin
rPois    +         Spirit   .   (helmet restricted)
rElec    .         Reflect  .   p - +0 cloak
rCorr    .         Harm     .   (gloves unavailable)
MR       .....                  (boots unavailable)
Stlth    ++........             (no amulet)
HPRegen  0.24/turn              q - ring of poison resistance
MPRegen  0.12/turn              D - ring of stealth

@: berserk cooldown, very slightly contaminated, slowed, drained, invisible,
very slow
A: large, unfitting armour, tough skin 1
a: Berserk, Trog's Hand, Renounce Religion


You were on level 6 of the Dungeon.
You worshipped Trog.
Trog was most pleased with you.
You were very hungry.

You visited 1 branch of the dungeon, and saw 6 of its levels.

You collected 249 gold pieces.

Inventory:

Hand Weapons
 a - a +0 short sword
 u - a +0 giant club
 F - a +1 short sword (weapon)
Missiles
 d - 79 stones
 f - 23 poisoned darts
 j - 16 boomerangs
 n - 2 boomerangs of dispersal (quivered)
 y - 7 large rocks
 C - 2 silver boomerangs
Armour
 b - a +0 animal skin (worn)
 p - a +0 cloak (worn)
Jewellery
 q - a ring of poison resistance (left hand)
 D - a ring of stealth (right hand)
Wands
 h - a wand of flame (12)
Scrolls
 g - 6 scrolls of teleportation {!r, unknown}
 i - a scroll of random uselessness {!r, unknown}
 k - 8 scrolls of identify {!r, unknown}
 m - 2 scrolls of enchant weapon {!r, unknown}
 o - 2 scrolls of blinking {!r, unknown}
 s - 2 scrolls of immolation {!r, unknown}
 t - a scroll of remove curse {!r, unknown}
 v - 2 scrolls of magic mapping {!r, unknown}
 w - a scroll of amnesia {!r, unknown}
 B - a scroll of fog {!r, unknown}
Potions
 e - 4 potions of curing {!q, unknown}
 l - a potion of magic {!q, unknown}
 r - a potion of stabbing {!q, unknown}
 x - 2 potions of lignification {!q, unknown}
 z - a potion of flight {!q, unknown}
 A - a potion of invisibility {!q}
Comestibles
 c - 9 rations


   Skills:
 + Level 7.5(6.5) Fighting
 * Level 7.5(6.6) Short Blades
 - Level 2.6(1.8) Dodging
 - Level 3.0(2.1) Evocations


You had 7 spell levels left.
You didn't know any spells.
Your spell library contained the following spells:

 Spells                   Type           Power        Failure   Level  Hunger
 Magic Dart               Conj           #...         41%         1    ##.....
 Searing Ray              Conj           #.....       54%         2    ###....
 Dazzling Flash           Conj/Hex       #.....       78%         3    ####...
 Fulminant Prism          Conj/Hex       #.........   99%         4    #####..
 Iskenderun's Mystic Bla  Conj/Tloc      #.......     99%         4    #####..


Dungeon Overview and Level Annotations

Branches:
Dungeon (6/15)             Temple (0/1) D:4

Altars:
Okawaru


Innate Abilities, Weirdness & Mutations

You are too large for most types of armour.
You have tough skin. (AC +1)


Message History

The gnoll barely misses you. The wight barely misses you.
You closely miss the wight.
The wight is moderately damaged.
Press: ? - help, v - describe, . - travel
Here: a wight, wielding a +1 spear and wearing a +0 robe (moderately damaged)
The floor.
Unknown command.
You puncture the wight!
You destroy the wight!
Trog accepts your kill.
You feel sick.
You are no longer poisoned.
The gnoll hits you from afar with a +0 spear!
* * * LOW HITPOINT WARNING * * *
The wight barely misses you.
Things that are here:
a +1 spear; a +0 robe You puncture the wight!
The wight is severely damaged.
The wight closely misses you. x2
You closely miss the wight.
The wight is severely damaged.
The gnoll closely misses you.
You hit the wight.
The wight is almost destroyed.
The wight hits you with a +0 spear.
* * * LOW HITPOINT WARNING * * *
The wight closely misses you.
You puncture the wight!
You destroy the wight!
Trog accepts your kill.
You are no longer berserk.
You are exhausted.
You feel yourself slow down. The gnoll closely misses you.
You fail to use your ability.
The wight hits you from afar with a +0 halberd.
* * * LOW HITPOINT WARNING * * *
The gnoll barely misses you.
You fail to use your ability.
You hear the slow hiss of a very distant avalanche of sand.
The wight closely misses you.
The gnoll hits you but does no damage. x2
You fail to use your ability.
The wight barely misses you.
The gnoll hits you from afar with a +0 spear.
* * * LOW HITPOINT WARNING * * *
The wight hits you from afar with a +0 halberd!
* * * LOW HITPOINT WARNING * * *
You feel drained.
* * * LOW HITPOINT WARNING * * *
All of the chunks of flesh in your inventory have rotted away.
Really quaff
A - 2 potions of invisibility {!q}?
You fade into invisibility!
The gnoll hits you but does no damage.
The wight hits you from afar with a +0 halberd.
* * * LOW HITPOINT WARNING * * *
You feel drained. The gnoll misses you.
You are very lightly contaminated with residual magic.
Okay, then.
Your polar bear goes berserk!
You are feeling very hungry.
You can no longer call in reinforcements.
The gnoll hits you with a +0 spear!
* * * LOW HITPOINT WARNING * * *
The gnoll closely misses you. The wight hits you with a +0 halberd!
You die...

##...##.##.
#..........
##...######
##.## #.# #g#
#g# #.#
######### #.#
#g@zz...#
#.###g#####.#
#...)h#
#######


You could see 2 wights, 2 gnolls and a friendly polar bear (summoned, berserk).

Vanquished Creatures
  2 water moccasins
  An ice beast (D:5)
  An ogre (D:4)
  Blork the orc (D:5)
  A bullfrog (D:6)
  A scorpion (D:4)
  3 wights (D:6)
  A howler monkey (D:5)
  The ghost of Amnesiac the Cutter, a weakling DEFi (D:4)
  Crazy Yiuf (D:3)
  2 hounds (D:5)
  A centaur skeleton (D:5)
  4 worker ants
  3 hound skeletons
  4 adders
  5 gnolls
  A shadow imp (D:5)
  2 oozes
  2 worms
  3 dart slugs
  7 leopard geckos
  9 orcs
  6 giant cockroaches
  9 goblins
  14 hobgoblins
  2 jackals (D:5)
  7 kobolds
  5 ball pythons
  A ball python skeleton (D:4)
  10 bats
  5 frilled lizards
  A leopard gecko skeleton (D:4)
  9 rats
125 creatures vanquished.

Notes
Turn   | Place    | Note
-------+----------+-------------------------------------------
     0 | D:1      | Amnesiac the Ogre Berserker began the quest for the Orb.
     0 | D:1      | Reached XP level 1. HP: 24/24 MP: 1/1
   174 | D:1      | Reached XP level 2. HP: 23/32 MP: 2/2
   349 | D:1      | Reached XP level 3. HP: 8/39 MP: 3/3
   460 | D:1      | Reached ** piety under Trog
   991 | D:2      | Reached XP level 4. HP: 48/48 MP: 4/4
  1436 | D:3      | Reached *** piety under Trog
  1539 | D:3      | Reached XP level 5. HP: 42/55 MP: 5/5
  1903 | D:3      | Found a runed translucent door.
  1904 | D:3      | Noticed Crazy Yiuf
  2262 | D:3      | Killed Crazy Yiuf
  2262 | D:3      | Reached skill level 5 in Fighting
  2262 | D:3      | Reached skill level 5 in Short Blades
  2306 | D:4      | Noticed a water moccasin
  2314 | D:4      | Killed a water moccasin
  2314 | D:4      | Reached skill level 1 in Evocations
  2314 | D:4      | Reached XP level 6. HP: 66/66 MP: 6/6
  2390 | D:4      | Found a runed translucent gate.
  2407 | D:4      | Found a runed translucent gate.
  2408 | D:4      | Found a runed translucent gate.
  2409 | D:4      | Noticed Amnesiac's ghost (weakling DEFi)
  2729 | D:4      | Found a staircase to the Ecumenical Temple.
  2850 | D:4      | Found an iron altar of Okawaru.
  2941 | D:4      | Reached XP level 7. HP: 22/75 MP: 8/8
  3214 | D:4      | Killed Amnesiac's ghost
  3259 | D:5      | Entered Level 5 of the Dungeon
  3690 | D:5      | Reached XP level 8. HP: 54/84 MP: 9/9
  3788 | D:5      | Noticed Blork the orc
  3809 | D:5      | Killed Blork the orc
  4383 | D:6      | Reached **** piety under Trog
  4520 | D:6      | HP: 2/87 [gnoll/+0 spear (9)]
  4520 | D:6      | Slain by a wight

Illustrated notes

Levels and vault maps discovered:
D:1:      dpeg_arrival_snail, layout_loops_ring, minmay_octomino_c4
D:2:      layout_rooms
D:3:      layout_loops_ring, grunt_ministairs_15, uniq_crazy_yiuf_cottage
D:4:      layout_loops_ring, marbit_many_paths,
          minmay_temple_entry_stoned_glass, first_ration,
          ebering_ghost_rock_garden
D:5:      layout_gridville, saegor_snake_ambush, uniq_blork_the_orc
D:6:      layout_loops_cross, nicolae_ossuary_entry_ruins, uniq_grinder,
          uniq_edmund

Skill      XL: |  1  2  3  4  5  6  7  8 |
---------------+-------------------------+-----
Short Blades   | 3 4 5 6 7 |  7.5
Fighting       | 5 6 7 |  7.5
Evocations     | 1 2 3 |  3.0
Dodging        | |  2.6

Action                   |  1- 3 |  4- 6 |  7- 9 || total
-------------------------+-------+-------+-------++-------
Melee: Short sword       |    94 |   159 |   153 ||   406
Throw: Dart              |    96 |   143 |    22 ||   261
       Throwing net      |       |     1 |       ||     1
       Large rock        |       |       |    10 ||    10
       Boomerang         |       |       |     5 ||     5
Invok: Berserk           |       |     4 |     3 ||     7
       Brothers in Arms  |       |       |     1 ||     1
  Use: Potion            |       |       |     1 ||     1
 Stab: Sleeping          |       |       |     1 ||     1
  Eat: Chunk             |       |     9 |     5 ||    14
       Ration            |       |       |     1 ||     1
Armor: Animal skin       |     8 |    30 |    26 ||    64
Dodge: Dodged            |    36 |    58 |    77 ||   171

Table legend:
 A = Non-vault XP
 B = Vault XP
 C = Vault XP percentage of total XP
 D = Non-vault monster count
 E = Vault monster count
 F = Vault count percentage of total count
                 A         B        C        D         E       F
            +---------+---------+-------+---------+---------+-------
      Total |    1553 |     198 |  11.3 |     113 |      12 |   9.6
            +---------+---------+-------+---------+---------+-------
        D:1 |      55 |       7 |  11.3 |      31 |       5 |  13.9
        D:2 |      28 |       0 |   0.0 |      15 |       0 |   0.0
        D:3 |     125 |      46 |  26.9 |      29 |       3 |   9.4
        D:4 |     442 |      51 |  10.3 |      14 |       1 |   6.7
        D:5 |     582 |      94 |  13.9 |      16 |       3 |  15.8
        D:6 |     321 |       0 |   0.0 |       8 |       0 |   0.0
            +---------+---------+-------+---------+---------+-------
